 Dungeon Crawl Stone Soup version 0.19.1-28-ge1247f7 (webtiles) character file.

784 OrDronus the Chiller (level 7, 48/48 HPs)
             Began as a Demonspawn Ice Elementalist on Jan 18, 2017.
             Quit the game on level 4 of the Dungeon on Jan 22, 2017.
             The game lasted 00:27:28 (4897 turns).

OrDronus the Chiller (Demonspawn Ice Elementalist)  Turns: 4897, Time: 00:27:28

Health: 48/48      AC:  4    Str:  8    XL:     7   Next: 55%
Magic:  13/13      EV: 13    Int: 18    God:
Gold:   223        SH:  0    Dex: 14    Spells: 3 memorised, 9 levels left

rFire  . . .     SeeInvis .     p - +1 trident (flame)
rCold  . . .     Gourm    .     a - +1 robe
rNeg   . . .     Faith    .     (no shield)
rPois  .         Spirit   .     (helmet restricted)
rElec  .         Reflect  .     o - +0 cloak
rCorr  .         Harm     .     (no gloves)
MR     .....                    (no boots)
Stlth  ++........               (no amulet)
                                (no ring)
                                (no ring)

@: no status effects
A: horns 1, spiny 1
a: no special abilities


You were on level 4 of the Dungeon.
You were not hungry.

You visited 1 branch of the dungeon, and saw 4 of its levels.
You also visited: Sewer and Ossuary.

You collected 223 gold pieces.

Inventory:

Hand Weapons
 p - a +1 trident of flaming (weapon)
Armour
 a - a +1 robe (worn)
 o - a +0 cloak (worn)
Jewellery
 h - an uncursed ring of stealth {unknown}
Wands
 k - a wand of lightning (7/15)
Scrolls
 g - 2 scrolls of teleportation {unknown}
 l - a scroll of identify
Potions
 d - a potion of flight
 e - 3 potions of agility {unknown}
 i - 3 potions of lignification {unknown}
 m - 2 potions of curing
Books
 b - a book of Frost

   Spells                             Type                      Level
   a - Freeze                         Ice                          1
   b - Throw Frost                    Conjuration/Ice              2
   c - Ozocubu's Armour               Charms/Ice                   3
   d - Throw Icicle                   Conjuration/Ice              4
   e - Summon Ice Beast               Ice/Summoning                4
Comestibles
 c - 2 bread rations
 f - a beef jerky
 n - 3 chunks of flesh


   Skills:
 + Level 1.2 Fighting
 * Level 3.9 Polearms
 + Level 2.3 Dodging
 + Level 2.3 Stealth
 + Level 4.5 Spellcasting
 + Level 1.3 Conjurations
 + Level 0.6 Charms
 + Level 4.7 Ice Magic


You had 9 spell levels left.
You knew the following spells:

 Your Spells              Type           Power        Failure   Level  Hunger
a - Freeze                Ice            ###.         1%          1    None
b - Throw Frost           Conj/Ice       ###...       8%          2    #......
c - Ozocubu's Armour      Chrm/Ice       ##......     17%         3    ###....


Dungeon Overview and Level Annotations

Branches:
Dungeon (4/15)
 Temple: D:4-7

Altars:

Annotations:
D:1 exclusion: gnoll


Innate Abilities, Weirdness & Mutations

You have a pair of small horns on your head.
You are partially covered in sharp spines.


Message History

You reach to attack!
You catch the helpless orc completely off-guard!
You hit the orc. You burn the orc.
The orc is moderately wounded.
Casting: Throw Frost
Confirm with . or Enter, or press ? or * to list all spells.
Aiming: Freeze
Press: ? - help, Shift-Dir - straight line, f/p - orc
Aim: an orc, wielding a morningstar and wearing a leather armour (moderately wounded)
You freeze the orc.
The orc is heavily wounded.
The orc is struck by your spines.
You kill the orc!
Things that are here:
a morningstar; a leather armour; an orc corpse You butcher the orc corpse.
n - 3 chunks of flesh (gained 1)
Things that are here:
a morningstar; a leather armour Are you sure you want to abandon this character and quit the game? (Confirm with "yes".)

.. ..#.# #.# #..# #.
#.#.#####.####..# #.
#.#..............
#.##.#.#####.#####.#
#....).# #......##
#####......###
#######.#
.............# #..
#####.......#########..
#.).@................
#.#.#.....###########
.....#.....# #.
###.###.#.### #. #.
#.#.# #. ..
#.#.############. ###
#.#.[.[..........
#.###############


There were no monsters in sight!

Vanquished Creatures
  The ghost of Kiturien the Skirmisher, an amateur OpFi (Ossuary)
  An elf zombie (Ossuary)
  3 centaur zombies (Ossuary)
  An orc wizard (D:4)
  3 human zombies (Ossuary)
  2 orc priests (D:4)
  2 big kobold zombies (Ossuary)
  2 mummies (Ossuary)
  3 adders
  3 river rats (D:3)
  3 worms
  2 dart slugs
  4 leopard geckos
  6 orcs
  6 ball pythons
  5 bats
  3 giant cockroaches
  9 goblins
  7 hobgoblins
  12 jackals
  7 kobolds
  5 quokkas
  6 frilled lizards
  A goblin zombie (Ossuary)
  5 hobgoblin zombies (Ossuary)
  8 kobold zombies (Ossuary)
  A leopard gecko skeleton (D:3)
  11 orc zombies (Ossuary)
  11 rats
  3 rat zombies (Ossuary)
136 creatures vanquished.

Notes
Turn   | Place    | Note
-------+----------+-------------------------------------------
     0 | D:1      | OrDronus the Demonspawn Ice Elementalist began the quest for the Orb.
     0 | D:1      | Reached XP level 1. HP: 13/13 MP: 3/3
   264 | D:1      | Gained mutation: You have a pair of small horns on your head. [demonic ancestry]
   264 | D:1      | Reached XP level 2. HP: 19/19 MP: 3/5
  1117 | D:2      | Reached XP level 3. HP: 12/24 MP: 0/6
  1891 | D:2      | Learned a level 2 spell: Throw Frost
  2023 | D:2      | Reached XP level 4. HP: 30/30 MP: 6/8
  2608 | D:3      | Found a glowing drain.
  2646 | Sewer    | Entered a sewer
  2653 | Sewer    | HP: 1/30 [river rat (9)]
  2657 | D:3      | Gained mutation: You are partially covered in sharp spines. [demonic ancestry]
  2657 | D:3      | Reached XP level 5. HP: 2/35 MP: 0/10
  3181 | D:3      | Reached skill level 1 in Polearms
  3397 | D:4      | Found a sand-covered staircase.
  3403 | Ossuary  | Entered an ossuary
  3403 | Ossuary  | Noticed Kiturien's ghost (amateur OpFi)
  3414 | Ossuary  | Learned a level 3 spell: Ozocubu's Armour
  3525 | Ossuary  | Killed Kiturien's ghost
  3525 | Ossuary  | Reached XP level 6. HP: 18/42 MP: 0/12
  3583 | Ossuary  | Reached skill level 1 in Fighting
  3808 | Ossuary  | Reached XP level 7. HP: 18/48 MP: 13/13
  4812 | D:4      | Upgraded the game from 0.19.1-1-g22dce08 to 0.19.1-28-ge1247f7
  4897 | D:4      | Quit the game

Skill      XL: |  1  2  3  4  5  6  7 |
---------------+----------------------+-----
Ice Magic      | 3 4 |  4.7
Spellcasting   | 3 4 |  4.5
Dodging        | 2 |  2.3
Stealth        | 2 |  2.3
Polearms       | 1 2 3 |  3.9
Fighting       | 1 |  1.2
Conjurations   | |  1.3
Charms         | |  0.6

Action                   |  1- 3 |  4- 6 |  7- 9 || total
-------------------------+-------+-------+-------++-------
Melee: Unarmed           |     3 |       |       ||     3
       Spear             |       |   130 |    91 ||   221
       Headbutt          |       |    24 |    12 ||    36
       Trident           |       |       |     7 ||     7
 Cast: Freeze            |    89 |    63 |     4 ||   156
       Throw Frost       |       |     9 |    11 ||    20
       Ozocubu's Armour  |       |     6 |     7 ||    13
  Use: Scroll            |     7 |     1 |       ||     8
       Potion            |       |     3 |       ||     3
 Stab: Sleeping          |       |     1 |       ||     1
       Distracted        |       |     1 |     2 ||     3
  Eat: Chunk             |     4 |     5 |       ||     9
       Bread ration      |       |       |     1 ||     1
       Royal jelly       |       |       |     1 ||     1
Armor: Robe              |    10 |    37 |    15 ||    62
Dodge: Dodged            |    59 |    83 |    20 ||   162
